 Dungeon Crawl Stone Soup version 0.20.0-8-g6b59dc7 (webtiles) character file.

3726 Monsterracer the Cleaver (level 9, -1/81 HPs)
             Began as a Deep Dwarf Fighter on May 31, 2017.
             Was a Follower of Makhleb.
             Killed from afar by an orc wizard (5 damage)
             ... with a puff of frost
             ... on level 8 of the Dungeon.
             The game lasted 00:18:00 (6576 turns).

Monsterracer the Cleaver (Deep Dwarf Fighter)       Turns: 6576, Time: 00:18:01

Health: -1/81      AC: 10    Str: 21    XL:     9   Next: 92%
Magic:  3/3        EV: 12    Int:  8    God:    Makhleb [*.....]
Gold:   595        SH: 11    Dex: 15    Spells: 8/8 levels left

rFire    + . .     SeeInvis .   k - +4 war axe
rCold    . . .     Gourm    .   c - +0 shield
rNeg     . . .     Faith    .   v - +1 ring mail "Qeesavel" {+Inv MR+}
rPois    +         Spirit   .   n - +2 helmet
rElec    .         Reflect  .   m - scarf {cloud immunity}
rCorr    .         Harm     .   (no gloves)
MR       ++...                  (no boots)
Stlth    +.........             (no amulet)
Regen    0.0/turn               a - ring of wizardry
MPRegen  0.1/turn               (no ring)

@: non-regenerating
A: damage resistance, heal wounds, fire resistance 1, low mp 1, mutation
resistance 1, sense surroundings 2, poison resistance, no regeneration
a: Heal Wounds, Renounce Religion, Evoke Invisibility


You were on level 8 of the Dungeon.
You worshipped Makhleb.
Makhleb was aware of your devotion.
You were very hungry.

You visited 2 branches of the dungeon, and saw 9 of its levels.
You also visited: Sewer.

You collected 595 gold pieces.

Inventory:

Hand Weapons
 j - a cursed +1 morningstar
 k - a +4 war axe (weapon)
Armour
 c - a +0 shield (worn)
 e - a +2 ring mail of cold resistance
 m - a scarf of cloud immunity (worn)
 n - a +2 helmet (worn)
 v - the +1 ring mail "Qeesavel" (worn) {+Inv MR+}
   (You found it on level 8 of the Dungeon)

   It affects your resistance to hostile enchantments.
   It lets you turn invisible.
Jewellery
 a - a ring of wizardry (left hand)
Scrolls
 d - 3 scrolls of immolation
 h - 4 scrolls of teleportation
 i - 6 scrolls of remove curse
 o - 2 scrolls of amnesia
 p - 4 scrolls of identify
 r - 2 scrolls of blinking
 t - 3 scrolls of magic mapping
Potions
 l - 2 potions of mutation
 q - 3 potions of flight
 s - a potion of curing
Comestibles
 b - 6 fruits
 f - 6 bread rations
 g - 3 meat rations
 u - 2 royal jellies


   Skills:
 + Level 5.4 Fighting
 * Level 10.6 Axes
 + Level 6.4 Armour
 + Level 5.0 Dodging
 + Level 6.4 Shields
 + Level 4.0 Invocations


You had 8 spell levels left.
You didn't know any spells.

Dungeon Overview and Level Annotations

Branches:
Dungeon (8/15)             Temple (1/1) D:7            Lair (0/6) D:8

Altars:
Ashenzari
Cheibriados
Dithmenos
Elyvilon
Fedhas
Gozag
Hepliaklqana
Kikubaaqudgha
Makhleb
Nemelex Xobeh
Okawaru
Qazlal
Ru
Sif Muna
Trog
Uskayaw
Xom
Yredelemnul
Zin
The Shining One


Innate Abilities, Weirdness & Mutations

You are resistant to damage.
You can heal yourself by infusing magical energy.
You passively map the area around you.
You do not regenerate.
Your flesh is heat resistant. (rF+)
Your magical capacity is low. (-10% MP)
You are somewhat resistant to further mutation.
Your system is resistant to poisons. (rPois)


Message History

The two-headed ogre misses you. The two-headed ogre barely misses you.
Something completely misses you.
You slash the two-headed ogre!
The two-headed ogre is heavily wounded.
You barely miss something. The two-headed ogre barely misses you.
The two-headed ogre hits you with a giant club.
* * * LOW HITPOINT WARNING * * *
You block something's attack.
You slice the two-headed ogre!!
The two-headed ogre is almost dead.
You hit something.
The two-headed ogre hits you with a giant spiked club!
* * * LOW HITPOINT WARNING * * *
The two-headed ogre hits you with a giant club!
* * * LOW HITPOINT WARNING * * *
Something hits you but does no damage.
You hear some strange, mumbled words.
A puff of frost appears from out of thin air!
The puff of frost hits you!
You die...

.###########.#
##.....###.....##
............># #......#
##...### .#############
#.###### ##.#..# .# #.#
#....# .# #.# ##.#.(# .# #.#
##.#...# .# #.# #####.###..#
.# #.# ##..#### ##.# .#
#@###.....####..# .#
######.##...##..##.### .#
#......{O..##....#.# .#
##.######)..#._...#.# .#
######...######..##....#.# .#
#............##...##..##.# .#
#.####...##...##.....##..####
.# * ##............####......
.# *
######.<......#######.####


There were no monsters in sight!

Vanquished Creatures
  A death yak (D:8)
  A hippogriff (D:8)
  2 basilisks (D:8)
  Menkaure (D:6)
  An orc warrior (D:7)
  A sky beast (D:6)
  2 ice beasts (D:7)
  3 ogres
  3 centaurs
  A crocodile (Sewer)
  2 bullfrogs (D:7)
  5 scorpions
  2 howler monkeys
  5 wights (D:7)
  3 crimson imps
  2 hounds
  2 orc priests (D:3)
  2 orc wizards
  2 bullfrog skeletons
  5 iguanas
  8 worker ants
  A hound skeleton (D:5)
  Robin (D:2)
  10 adders
  4 adder skeletons
  2 worms
  2 dart slugs
  10 leopard geckos
  19 orcs
  7 giant cockroaches
  20 goblins
  12 hobgoblins
  4 jackals
  17 kobolds
  4 quokkas
  A ball python (D:1)
  11 bats
  2 frilled lizards
  A leopard gecko skeleton (D:3)
  6 rats
188 creatures vanquished.

Notes
Turn   | Place    | Note
-------+----------+-------------------------------------------
     0 | D:1      | Monsterracer the Deep Dwarf Fighter began the quest for the Orb.
     0 | D:1      | Reached XP level 1. HP: 20/20 MP: 1/1
   153 | D:1      | Reached skill level 3 in Axes
   153 | D:1      | Reached XP level 2. HP: 21/27 MP: 2/2
   734 | D:2      | Noticed Robin
   739 | D:2      | Reached XP level 3. HP: 30/33 MP: 3/3
   744 | D:2      | Reached skill level 4 in Axes
   748 | D:2      | Killed Robin
  1129 | D:2      | Reached XP level 4. HP: 34/40 MP: 4/4
  1209 | D:2      | Reached skill level 5 in Axes
  1788 | D:3      | Reached XP level 5. HP: 33/46 MP: 5/5
  1867 | D:3      | Found a glowing drain.
  1881 | Sewer    | Entered a sewer
  1895 | Sewer    | Reached skill level 6 in Axes
  1947 | Sewer    | Noticed a crocodile
  1963 | Sewer    | Killed a crocodile
  2327 | D:3      | Found an iron altar of Okawaru.
  2417 | D:3      | Reached skill level 7 in Axes
  2417 | D:3      | Reached XP level 6. HP: 24/55 MP: 6/6
  2648 | D:3      | Found an iron altar of Okawaru.
  2778 | D:4      | Found a hazy altar of Hepliaklqana.
  2947 | D:5      | Entered Level 5 of the Dungeon
  2994 | D:5      | Reached skill level 1 in Dodging
  3000 | D:5      | Gained mutation: Your magical capacity is low. (-10% MP) [potion of mutation]
  3000 | D:5      | Gained mutation: Your flesh is heat resistant. (rF+) [potion of mutation]
  3000 | D:5      | Gained mutation: Your system is resistant to poisons. (rPois) [potion of mutation]
  3000 | D:5      | Gained mutation: You are somewhat resistant to further mutation. [potion of mutation]
  3036 | D:5      | Reached XP level 7. HP: 18/62 MP: 6/6
  3217 | D:5      | Reached skill level 8 in Axes
  3494 | D:5      | Found a glowing golden altar of the Shining One.
  3580 | D:6      | Noticed Menkaure
  3586 | D:6      | Reached XP level 8. HP: 50/69 MP: 4/4
  3591 | D:6      | Killed Menkaure
  3686 | D:6      | Reached skill level 5 in Armour
  3776 | D:6      | Reached skill level 9 in Axes
  3802 | D:6      | Found a hide-covered altar of Uskayaw.
  3814 | D:6      | Reached skill level 5 in Shields
  4236 | D:6      | Found a basalt altar of Yredelemnul.
  4305 | D:7      | Found a staircase to the Ecumenical Temple.
  4325 | Temple   | Entered the Ecumenical Temple
  4413 | Temple   | Became a worshipper of Makhleb the Destroyer
  4817 | D:4      | Reached skill level 1 in Invocations
  5320 | D:7      | Reached * piety under Makhleb
  5320 | D:7      | Gained mutation: You passively map the area around you. [Deep Dwarf growth]
  5320 | D:7      | Reached XP level 9. HP: 25/79 MP: 4/4
  5444 | D:7      | Found a deep blue altar of Sif Muna.
  5697 | D:7      | Reached skill level 10 in Axes
  6126 | D:8      | Noticed a death yak
  6127 | D:8      | Found a staircase to the Lair.
  6136 | D:8      | Killed a death yak
  6136 | D:8      | Reached skill level 5 in Fighting
  6276 | D:8      | Found a shadowy altar of Dithmenos.
  6439 | D:8      | Got a steaming ring mail
  6450 | D:8      | Identified the +1 ring mail "Qeesavel" {+Inv MR+} (You found it on level 8 of the Dungeon)
  6560 | D:8      | Noticed a two-headed ogre
  6563 | D:8      | Reached skill level 5 in Dodging
  6574 | D:8      | HP: 4/81 [two-headed ogre/giant spiked club (13)]
  6576 | D:8      | Killed from afar by an orc wizard

Skill      XL: |  1  2  3  4  5  6  7  8  9 |
---------------+----------------------------+-----
Axes           | 3 4 5 7 8 9 10 | 10.6
Fighting       | 3 4 5 |  5.4
Dodging        | 1 2 3 5 |  5.0
Shields        | 4 5 6 |  6.4
Armour         | 4 5 6 |  6.4
Invocations    | 1 4 |  4.0

Action                   |  1- 3 |  4- 6 |  7- 9 || total
-------------------------+-------+-------+-------++-------
Melee: War axe           |   130 |   221 |   354 ||   705
 Abil: Heal Wounds       |     1 |     2 |    11 ||    14
  Use: Potion            |     1 |     4 |     8 ||    13
       Scroll            |       |     9 |     4 ||    13
 Stab: Invisible         |       |       |     1 ||     1
  Eat: Chunk             |     1 |     7 |    10 ||    18
Armor: Scale mail        |    68 |    73 |       ||   141
       Ring mail         |       |     5 |    99 ||   104
Dodge: Dodged            |    48 |    89 |   104 ||   241
Block: Shield            |    74 |   103 |   149 ||   326
